 Dungeon Crawl Stone Soup version 0.29-a0-878-g7b45a56547 (webtiles) character file.

Game seed: 632388002199691614

16955 Ijustatesigmund the Destroyer (level 12, -8/77 HPs)
             Began as an Octopode Earth Elementalist on July 20, 2022.
             Was a Believer of Cheibriados.
             Mangled by a boulder beetle (55 damage)
             ... on level 13 of the Dungeon.
             The game lasted 00:44:35 (20003 turns).

Ijustatesigmund the Destroyer (OpEE)               Turns: 20003, Time: 00:44:37

Health: -8/77      AC:  4    Str: 12    XL:     12   Next: 42%
Magic:  20/31      EV: 13    Int: 38    God:    Cheibriados [**....]
Gold:   503        SH: 14    Dex: 16    Spells: 8/24 levels left

rFire   + . .      SeeInvis .   v - +6 dagger (freeze)
rCold   . . .      Faith    .   s - +3 kite shield {AC+3}
rNeg    + . .      Spirit   .   (helmet restricted)
rPois   .          Reflect  .   H - amulet of regeneration
rElec   .          Harm     .   b - +6 ring of intelligence
rCorr   .          Rampage  .   q - +6 ring of intelligence
Will    .....                   y - ring of magical power
Stlth   ++++......              z - ring of protection from fire
HPRegen 1.02/turn               G - ring of positive energy
MPRegen 0.22/turn               (no ring)
                                (no ring)
                                (no ring)

@: very slow
A: almost no armour, amphibious, 8 rings, camouflage 1, gelatinous body 1,
(nimble swimmer 1), tentacles
a: Renounce Religion, Bend Time


You were on level 13 of the Dungeon.
You worshipped Cheibriados.
Cheibriados was pleased with you.
You visited 3 branches of the dungeon, and saw 15 of its levels.

You collected 673 gold pieces.
You spent 170 gold pieces at shops.

Inventory:

Hand Weapons
 p - a +2 flail of protection
 v - a +6 dagger of freezing (weapon)
 w - a +4 short sword of venom
Missiles
 c - 3 curare-tipped darts
 o - a throwing net
Armour
 s - a +3 kite shield of protection (worn)
Magical Staves
 e - a staff of fire
Jewellery
 b - a +6 ring of intelligence (left tentacle)
 f - a ring of ice
 q - a +6 ring of intelligence (right tentacle)
 y - a ring of magical power (on tentacle)
 z - a ring of protection from fire (on tentacle)
 G - a ring of positive energy (on tentacle)
 H - an amulet of regeneration (around mantle)
 I - a ring of protection from fire
Wands
 h - a wand of flame (33)
 m - a wand of polymorph (4)
 r - a wand of light (6)
 C - a wand of charming (6)
Scrolls
 a - 2 scrolls of teleportation
 g - 2 scrolls of poison
 t - 4 scrolls of amnesia
Potions
 d - 2 potions of brilliance
 i - 3 potions of curing
 j - a potion of cancellation
 k - 6 potions of flight
 l - a potion of might
 n - 2 potions of ambrosia
 x - 2 potions of mutation
 B - a potion of invisibility
 D - a potion of berserk rage
 E - a potion of magic
Miscellaneous
 A - a phantom mirror


   Skills:
 - Level 5.3 Fighting
 - Level 1.0 Short Blades
 + Level 3.6 Dodging
 + Level 4.7 Stealth
 - Level 8.6 Shields
 - Level 6.7 Spellcasting
 - Level 9.1 Conjurations
 + Level 4.5 Transmutations
 - Level 8.2 Fire Magic
 - Level 6.0 Earth Magic
 + Level 5.5 Invocations
 - Level 2.0 Evocations


You had 8 spell levels left.
You knew the following spells:

 Your Spells              Type           Power      Damage    Failure   Level
a - Sandblast             Erth           100%       2d20      1%          1
b - Stone Arrow           Conj/Erth      100%       3d13      1%          3
c - Passwall              Tmut/Erth      43%        N/A       1%          2
d - Fireball              Conj/Fire      34%        3d14      5%          5
e - Irradiate             Conj/Tmut      29%        3d21      11%         5

Your spell library contained the following spells:

 Spells                   Type           Power      Damage    Failure   Level
 Beastly Appendage        Tmut           94%        N/A       1%          1
 Wereblood                Tmut           47%        N/A       1%          2
 Dazzling Flash           Conj/Hex       94%        N/A       3%          3
 Ignite Poison            Fire/Tmut/Pois 45%        N/A       3%          3
 Mephitic Cloud           Conj/Pois/Air  35%        N/A       6%          3
 Spider Form              Tmut/Pois      29%        N/A       8%          3
 Petrify                  Tmut/Erth      52%        N/A       8%          4
 Ensorcelled Hibernation  Hex/Ice        24%        N/A       10%         2
 Sublimation of Blood     Necr           12%        N/A       10%         2
 Portal Projectile        Hex/Tloc       24%        N/A       21%         3
 Swiftness                Air            12%        N/A       21%         3
 Tukima's Dance           Hex            12%        N/A       21%         3
 Blade Hands              Tmut           23%        N/A       28%         5
 Starburst                Conj/Fire      34%        6d10      28%         6
 Freezing Cloud           Conj/Ice/Air   17%        6-21      47%         5
 Agony                    Necr           12%        N/A       88%         5
 Silence                  Hex/Air        6%         N/A       88%         5
 Ignition                 Fire           33%        3d10      100%        8


Dungeon Overview and Level Annotations

Branches:
Dungeon (13/15)            Temple (1/1) D:7            Lair (1/5) D:8
    Orc (0/2) D:10
 Vaults: D:13-14

Altars:
Ashenzari
Cheibriados
Dithmenos
Elyvilon
Fedhas
Gozag
Hepliaklqana
Kikubaaqudgha
Makhleb
Nemelex Xobeh
Okawaru
Qazlal
Ru
Sif Muna
Trog
Uskayaw
Vehumet
Wu Jian
Xom
Yredelemnul
Zin
The Shining One

Shops:
D:3 [   D:10 :   D:11 !

Annotations:
D:3 3 runed translucent doors, 27snakeeyes612's ghost, amateur DEAE
D:7 2 transporters, Malachi's ghost, novice HOFi
D:13 Frances; Lodul
Temple 2 transporters


Innate Abilities, Weirdness & Mutations

You cannot wear most types of armour.
You are amphibious.
You can wear up to eight rings at the same time.
Your skin changes colour to match your surroundings (Stealth+).
Your rubbery body absorbs attacks. (AC +1, EV +1)
((You are camouflaged when in or above water. (Stealth+)))
You have tentacles for arms and can constrict up to eight enemies at once.


Message History

Casting: Stone Arrow (safe; 1% risk of failure)
Confirm with . or Enter, or press ? or * to list all spells.
Aiming: Stone Arrow (safe; 1% risk of failure)
Press: ? - help, Shift-Dir - straight line, f - Erolcha
Aim: Erolcha, wielding a +0 giant club and wearing a +1 robe of the Archmagi (87% to hit)
The stone arrow hits Erolcha!
Erolcha is moderately wounded.
Erolcha hits you with a +0 giant club!!
Casting: Stone Arrow (safe; 1% risk of failure)
Confirm with . or Enter, or press ? or * to list all spells.
Aiming: Stone Arrow (safe; 1% risk of failure)
Press: ? - help, Shift-Dir - straight line, f/p - Erolcha
Aim: Erolcha, wielding a +0 giant club and wearing a +1 robe of the Archmagi (moderately wounded, 87% to hit)
The stone arrow hits Erolcha!!
Erolcha is severely wounded.
The boulder beetle curls into a ball and begins rolling!
Erolcha gestures at you while chanting. You resist with some effort.
Casting: Stone Arrow (safe; 1% risk of failure)
Confirm with . or Enter, or press ? or * to list all spells.
Aiming: Stone Arrow (safe; 1% risk of failure)
Press: ? - help, Shift-Dir - straight line, f/p - Erolcha
Aim: Erolcha, wielding a +0 giant club and wearing a +1 robe of the Archmagi (severely wounded, 87% to hit)
The stone arrow hits Erolcha!!
You kill Erolcha!
Cheibriados appreciates the change of pace.
Aiming: Charm
Press: ? - help, Shift-Dir - straight line, f - boulder beetle
Aim: a boulder beetle (rolling, chance to affect: 37%)
The boulder beetle easily resists.
Casting: Stone Arrow (safe; 1% risk of failure)
Confirm with . or Enter, or press ? or * to list all spells.
Aiming: Stone Arrow (safe; 1% risk of failure)
Press: ? - help, Shift-Dir - straight line, f/p - boulder beetle
Aim: a boulder beetle (rolling, 100% to hit)
The stone arrow hits the boulder beetle.
The boulder beetle is lightly wounded.
The boulder beetle hits you!!!
Ouch! That really hurt!
You die...

# ## .# .
. ! .#.
... #°#
#°# #B#
#@#
.......$#
#.##
........#
#..#
........#
##.##
........#
#..#
...(....#
##.##
$....†Oy#
#..#
..$..Oyy#
##.##
...3@OO.#
#..#


You could see a boulder beetle (rolling).

Vanquished Creatures
  A boulder beetle (D:11)
  Erolcha (D:13)
  A hydra (D:12)
  A centaur warrior (D:13)
  3 two-headed ogres
  Pikel (D:9)
  A manticore (D:11)
  A gargoyle (D:10)
  An unseen horror (D:10)
  4 kobold demonologists
  A tengu conjurer (D:13)
  3 trolls
  A hornet (D:8)
  3 slime creatures (D:12)
  Grinder (D:5)
  2 shadows
  A vampire (D:7)
  15 yaks
  A wraith (D:11)
  2 wyverns
  A vampire mosquito (D:13)
  A steam dragon (D:8)
  2 wargs
  An acid dragon (D:11)
  5 orc warriors
  2 sky beasts
  2 black bears
  2 ogres (D:13)
  5 centaurs
  A lemure (D:9)
  A phantom (D:7)
  2 bullfrogs
  5 kobold brigands
  A gnoll sergeant (D:7)
  3 necrophages
  2 scorpions
  13 wights
  5 killer bees (D:7)
  A howler monkey (D:13)
  3 hounds
  5 jellies
  A gnoll bouda (D:4)
  12 orc priests
  4 iguanas
  12 orc wizards
  Ijyb (D:5)
  5 adders
  14 gnolls
  A shadow imp (D:6)
  4 white imps
  6 ufetubi
  3 worms
  43 orcs
  6 ball pythons
  4 endoplasms
  A giant cockroach (D:2)
  12 goblins
  3 hobgoblins
  8 jackals
  35 kobolds
  5 quokkas
  9 bats
  5 frilled lizards
  11 rats
313 creatures vanquished.

Vanquished Creatures (collateral kills)
  A yak (D:9)
1 creature vanquished.

Vanquished Creatures (others)
  A tengu conjurer (D:13)
  14 plants (D:6)
15 creatures vanquished.

Grand Total: 329 creatures vanquished

Notes
Turn   | Place    | Note
-------+----------+-------------------------------------------
     0 | D:1      | Ijustatesigmund the Octopode Earth Elementalist began the
                  | quest for the Orb.
     0 | D:1      | Reached XP level 1. HP: 11/11 MP: 3/3
   140 | D:1      | Reached XP level 2. HP: 17/17 MP: 0/5
   850 | D:1      | Found a faded altar of an unknown god.
  1049 | D:2      | Reached XP level 3. HP: 21/21 MP: 4/6
  1053 | D:2      | Learned a level 3 spell: Stone Arrow
  1056 | D:2      | Learned a level 2 spell: Passwall
  1766 | D:2      | Reached skill level 1 in Conjurations
  1766 | D:2      | Reached XP level 4. HP: 27/27 MP: 5/8
  2653 | D:3      | Reached skill level 2 in Conjurations
  2653 | D:3      | Reached XP level 5. HP: 21/31 MP: 5/9
  2784 | D:3      | Found a runed translucent gate.
  2784 | D:3      | Found a runed translucent gate.
  2784 | D:3      | Found a runed translucent gate.
  2784 | D:3      | Noticed 27snakeeyes612's ghost (amateur DEAE)
  3179 | D:3      | Found Duengu's Antique Armour Emporium.
  3277 | D:4      | Reached skill level 1 in Fire Magic
  3353 | D:4      | Reached XP level 6. HP: 36/36 MP: 7/10
  3359 | D:4      | Learned a level 5 spell: Fireball
  3596 | D:4      | Noticed a black bear
  3605 | D:4      | Killed a black bear
  3932 | D:5      | Entered Level 5 of the Dungeon
  4262 | D:4      | Reached XP level 7. HP: 41/41 MP: 2/12
  4368 | D:4      | Reached skill level 3 in Conjurations
  5261 | D:5      | Reached skill level 5 in Earth Magic
  5261 | D:5      | Reached XP level 8. HP: 46/46 MP: 1/14
  5622 | D:5      | Noticed Grinder
  5631 | D:5      | Killed Grinder
  5632 | D:5      | Reached skill level 4 in Conjurations
  6194 | D:5      | Reached skill level 1 in Fighting
  6194 | D:5      | Reached skill level 1 in Short Blades
  6479 | D:5      | Noticed Ijyb
  6495 | D:5      | Killed Ijyb
  7456 | D:6      | Found a radiant altar of Vehumet.
  7650 | D:6      | Found a sacrificial altar of Ru.
  7653 | D:6      | Found an opulent altar of Gozag.
  7803 | D:6      | Found a basalt altar of Yredelemnul.
  7806 | D:6      | Found a white marble altar of Elyvilon.
  7890 | D:6      | Reached XP level 9. HP: 55/55 MP: 11/15
  7973 | D:7      | Reached skill level 5 in Fire Magic
  8591 | D:7      | Found a bloodstained altar of Trog.
  8591 | D:7      | Noticed a moth of wrath
  8591 | D:7      | Noticed Malachi's ghost (novice HOFi)
  8639 | D:7      | Found a transporter.
  8640 | D:7      | Noticed a two-headed ogre
  8678 | D:7      | Reached skill level 1 in Shields
  8736 | D:7      | Reached skill level 5 in Conjurations
  8834 | D:7      | Found a staircase to the Ecumenical Temple.
  9221 | D:7      | Found a transporter.
  9507 | D:8      | Reached skill level 5 in Spellcasting
 10102 | D:8      | Found a staircase to the Lair.
 10280 | Lair:1   | Entered Level 1 of the Lair of Beasts
 10361 | D:8      | Reached XP level 10. HP: 47/62 MP: 10/17
 10584 | D:8      | Reached skill level 5 in Shields
 12178 | D:9      | You fall into a shaft and drop 3 floors!
 12191 | D:11     | Found Oneyreru's Distillery.
 12199 | D:11     | Bought a potion of heal wounds for 50 gold pieces
 12199 | D:11     | Bought a potion of curing for 30 gold pieces
 12199 | D:11     | Bought a potion of degeneration for 10 gold pieces
 12199 | D:11     | Bought a potion of mutation for 80 gold pieces
 12203 | D:10     | Entered Level 10 of the Dungeon
 12206 | D:10     | Found a staircase to the Orcish Mines.
 12255 | D:10     | Killed an unseen horror
 12453 | D:9      | Noticed a kobold demonologist
 12453 | D:9      | Noticed a kobold demonologist
 12453 | D:9      | Noticed a kobold demonologist
 12453 | D:9      | Noticed a kobold demonologist
 13098 | D:10     | Noticed a gargoyle
 13115 | D:10     | Killed a gargoyle
 13116 | D:10     | Reached skill level 6 in Conjurations
 13380 | D:10     | Noticed a two-headed ogre
 13389 | D:10     | Killed a two-headed ogre
 13581 | D:9      | Noticed a two-headed ogre
 13589 | D:9      | Killed a two-headed ogre
 13795 | D:9      | Noticed Pikel
 13829 | D:9      | Reached XP level 11. HP: 66/66 MP: 18/18
 14010 | D:9      | Reached skill level 7 in Conjurations
 14367 | D:9      | Killed Pikel
 15202 | Temple   | Entered the Ecumenical Temple
 15202 | Temple   | Found a transporter.
 15202 | Temple   | Found a transporter.
 15235 | Temple   | Found a transporter.
 15235 | Temple   | Found a transporter.
 15263 | Temple   | Became a worshipper of Cheibriados the Contemplative
 16026 | D:10     | Reached skill level 1 in Invocations
 16028 | D:10     | Reached skill level 8 in Conjurations
 16031 | D:9      | Reached skill level 1 in Evocations
 16783 | D:10     | Found Myl Jov's Book Boutique.
 16822 | D:10     | Reached * piety under Cheibriados
 17465 | D:11     | Noticed a manticore
 17469 | D:11     | Killed a manticore
 18030 | D:11     | Noticed a boulder beetle
 18044 | D:11     | Killed a boulder beetle
 18168 | D:11     | Found a bloodstained altar of Trog.
 18502 | D:12     | Noticed a two-headed ogre
 18505 | D:12     | Killed a two-headed ogre
 18506 | D:12     | Reached XP level 12. HP: 75/75 MP: 19/21
 19105 | D:12     | Noticed a six-headed hydra
 19119 | D:12     | Killed a six-headed hydra
 19282 | D:12     | Reached skill level 5 in Fighting
 19290 | D:13     | Reached skill level 5 in Invocations
 19293 | D:13     | Reached skill level 9 in Conjurations
 19511 | D:13     | Noticed an eight-headed hydra
 19515 | D:13     | Noticed Lodul
 19515 | D:13     | Noticed Frances
 19520 | D:13     | Noticed a centaur warrior
 19528 | D:13     | Killed a centaur warrior
 19528 | D:13     | Reached ** piety under Cheibriados
 19985 | D:13     | Learned a level 5 spell: Irradiate
 19992 | D:13     | Noticed Erolcha
 19998 | D:13     | Noticed a boulder beetle
 20001 | D:13     | Killed Erolcha
 20003 | D:13     | Mangled by a boulder beetle

Illustrated notes

Levels and vault maps discovered:
D:1:      dpeg_arrival_rooms_b, layout_rooms,
          shapermc_ecumenical_altar_mp_vishouse, grunt_decor_junction,
          dk_noncrumbling_3, serial_bayou_crossing
D:2:      layout_loops_ring, minmay_rat_gold_closets
D:3:      layout_basic, serial_shops, nicolae_shop_crystal,
          ebering_ghost_rock_garden, nicolae_elevator_lobby_plus
D:4:      layout_basic
D:5:      layout_loops_cross, uniq_grinder, uniq_ijyb
D:6:      layout_loops_cross, mainiacjoe_overflow_chevrons,
          grunt_temple_overflow_cloverleaf
D:7:      layout_loops_cross, minmay_temple_entry_stoned_glass,
          gammafunk_ghost_wrathful_warriors, eino_jars
D:8:      layout_gridville, erik_lair_orcish_takeover, grunt_ministairs_12
D:9:      layout_gridville, uniq_pikel
D:10:     layout_loops_ring, minmay_orc_entry_temple_small, serial_shops,
          shop_fountains
D:11:     layout_loops_cross, serial_shops, nicolae_stop_n_shop_2,
          trog_butcher_becter
D:12:     layout_stronghold, nicolae_trove_entry_isolated, uniq_sonja
D:13:     minmay_slanted_spiral_squares, layout_basic, uniq_lodul, uniq_frances,
          uniq_erolcha
Temple:   hellmonk_temple_divided_pantheon
Lair:1:   layout_regular_city, beast_lair_carwin_4, serial_bayou_shore_a,
          lemuel_fruit_fields

Skill      XL: |  1  2  3  4  5  6  7  8  9 10 11 12 |
---------------+-------------------------------------+-----
Conjurations   | 1 2 3 4 5 6 8 9 |  9.1
Transmutations | 2 3 4 |  4.5
Spellcasting   | 3 4 5 6 |  6.7
Earth Magic    | 4 5 6 |  6.0
Fire Magic     | 1 2 3 4 6 7 8 |  8.2
Fighting       | 2 4 5 |  5.3
Short Blades   | 1 |  1.0
Dodging        | 3 |  3.6
Stealth        | 4 |  4.7
Shields        | 4 7 8 |  8.6
Invocations    | 4 5 |  5.5
Evocations     | 2 |  2.0

Action                   |  1- 3 |  4- 6 |  7- 9 | 10-12 || total
-------------------------+-------+-------+-------+-------++-------
Melee: Dagger            |     7 |    10 |    27 |    87 ||   131
       Short sword       |     8 |       |       |       ||     8
       Constrict         |     3 |     2 |     6 |    11 ||    22
       Tentacles         |     2 |     1 |     6 |    14 ||    23
       Punch             |       |     1 |       |     2 ||     3
       Flail             |       |       |       |     2 ||     2
 Cast: Sandblast         |    43 |    57 |    51 |    15 ||   166
       Stone Arrow       |       |    12 |    91 |   169 ||   272
       Fireball          |       |       |     5 |    13 ||    18
Invok: Bend Time         |       |       |       |     1 ||     1
Evoke: Wand              |       |       |       |    15 ||    15
  Use: Scroll            |     2 |     5 |    10 |    14 ||    31
       Potion            |       |       |     9 |     4 ||    13
 Stab: Sleeping          |     2 |     1 |     2 |     2 ||     7
       Invisible         |       |       |       |     1 ||     1
Armor: Skin              |       |     4 |    14 |    21 ||    39
Dodge: Dodged            |    20 |    29 |    66 |    51 ||   166
Block: Kite shield       |       |       |     7 |   114 ||   121

Table legend: (Time is in decaauts)
 A = Elapsed time spent in this place.
 B = Non-inter-level travel time spent in this place.
 C = Inter-level travel time spent in this place.
 D = Time resting spent in this place.
 E = Time spent auto-exploring this place.
 F = Levels seen in this place.
 G = Mean time per level.
                   A        B        C        D        E       F      G
               +--------+--------+--------+--------+--------+-----+--------+
         Total |  20829 |  20429 |    400 |   9646 |   8586 |  15 | 1388.6 |
       Dungeon |  20595 |  20196 |    399 |   9500 |   8549 |  13 | 1584.2 |
        Temple |     84 |     84 |      0 |      0 |     37 |   1 |   84.0 |
          Lair |    150 |    150 |      0 |    146 |      0 |   1 |  150.0 |
               +--------+--------+--------+--------+--------+-----+--------+

Top non-repeatable levels by time:
     D:5: 2782 daAuts
     D:9: 2781 daAuts
     D:8: 2352 daAuts
    D:10: 1981 daAuts
     D:7: 1906 daAuts
    D:11: 1649 daAuts
     D:3: 1175 daAuts
     D:2: 1153 daAuts
    D:12: 1091 daAuts
     D:4: 1090 daAuts
     D:1: 1013 daAuts
     D:6: 877 daAuts
    D:13: 738 daAuts
  Lair:1: 150 daAuts
  Temple: 84 daAuts
